AoeStats
← Tanke88

Arabia

510878733Analyzed
1v1 RM · 14h ago on Oct 2, 2026· 18m 1s· 2 players
Game mode
Random Map
Map size
Tiny (2 player)
Population
200
Speed
Normal
Resources
Standard
Victory
Conquest
Starting age
Dark Age
Ending age
Imperial Age
RankedLock teamsTeams togetherTeam positionsShared explorationLock speedFull tech treeHidden civsTurbo modeCheats
Victory
Defeat
🇹🇷 Mongols · Türkiye
799
+16
🇲🇽 Spanish · Mexico
804
-16
CarbonBow
5:12 Loom
10:37 Feudal Age
12:13 Loom
12:18 Double-Bit Axe
17:38 Castle Age
Tanke88
6:54 Loom
10:42 Feudal Age
12:24 Double-Bit Axe
14:49 Man-at-Arms
17:52 Wheelbarrow
16:59 Horse Collar
Connection lost

Rejoining the realm…

Still unreachable

The connection could not be restored.

Session expired

The server has moved on; the page needs a fresh start.